 Dungeon Crawl Stone Soup version 0.30-a0-989-g0d87f670db (webtiles) character file.

Game seed: 17709318054599368557

101 Maxmaps the Changer (level 4, 0/32 HPs)
             Began as a Demonspawn Transmuter on Apr 4, 2023.
             Killed from afar by Sigmund (6 damage)
             ... with a magic dart
             ... on level 3 of the Dungeon.
             The game lasted 00:02:29 (2833 turns).

Maxmaps the Changer (Demonspawn Transmuter)         Turns: 2833, Time: 00:02:30

Health: 0/32       AC:  2    Str: 10    XL:     4   Next: 48%
Magic:  6/7        EV: 12    Int: 17    God:
Gold:   201        SH:  4    Dex: 13    Spells: 3/7 levels left

rFire   . . .      SeeInvis .    d - +1 dagger (drain)
rCold   . . .      Faith    .    (no shield)
rNeg    . . .      Spirit   .    a - +0 robe
rPois   .          Reflect  .    (no helmet)
rElec   .          Rampage  .    (no cloak)
rCorr   .                        (no gloves)
Will    .....                    (no boots)
Stlth   +                        (no amulet)
HPRegen 0.25/turn                (no ring)
MPRegen 0.10/turn                (no ring)

@: brilliant
A: large bone plates 1, foul stench 2
a: no special abilities


You were on level 3 of the Dungeon.
You visited 1 branch of the dungeon, and saw 3 of its levels.

You collected 201 gold pieces.

Inventory:

Hand Weapons
 d - a +1 dagger of draining (weapon)
Armour
 a - a +0 robe (worn)
Jewellery
 n - an amulet of the acrobat
 p - a ring of willpower
Wands
 o - a wand of mindburst (14)
Scrolls
 c - 5 scrolls of identify {unknown}
 e - a scroll of amnesia {unknown}
 f - a scroll of teleportation {unknown}
 i - a scroll of fog {unknown}
 j - a scroll of blinking {unknown}
 k - a scroll of acquirement {unknown}
 l - 2 scrolls of enchant weapon {unknown}
 m - a scroll of noise {unknown}
Potions
 b - 2 potions of lignification
 g - a potion of brilliance
 h - a potion of curing
 q - a potion of heal wounds {unknown}
 r - a potion of berserk rage {unknown}


   Skills:
 - Level 1.0 Fighting
 - Level 1.7 Dodging
 - Level 2.6 Unarmed Combat
 - Level 2.0 Spellcasting
 - Level 3.2 Transmutations
 + Level 2.8 Poison Magic


You had 3 spell levels left.
You knew the following spells:

 Your Spells              Type           Power      Damage    Failure   Level
a - Beastly Appendage     Tmut           38%        N/A       4%          1
b - Spider Form           Tmut/Pois      18%        N/A       16%         3

Your spell library contained the following spells:

 Spells                   Type           Power      Damage    Failure   Level
 Wereblood                Tmut           19%        N/A       8%          2
 Ice Form                 Ice/Tmut       10%        N/A       69%         4
 Blade Hands              Tmut           9%         N/A       80%         5
 Irradiate                Conj/Tmut      5%         3d13      95%         5
 Dragon Form              Tmut           9%         N/A       100%        7


Dungeon Overview and Level Annotations

Branches:
Dungeon (3/15)

Altars:
Dithmenos
Uskayaw

Annotations:
D:3 2 transporters, Sigmund


Innate Abilities, Weirdness & Mutations

You are partially covered in large bone plates. (SH +4)
You sometimes emit foul miasma when damaged in melee.


Message History

No target in view!
Casting: Spider Form (quite dangerous; 16% risk of failure)
Confirm with . or Enter, or press ? or * to list all spells.
The spell is quite dangerous to miscast (16% risk of failure)!
Continue anyway?
You turn into a venomous arachnid creature.
Your +1 dagger of draining melds into your body.
Your +0 robe melds into your body.
Your transformation is almost over.
You hear some strange, mumbled words.
You are confused.
A magic dart appears from out of thin air!
The magic dart hits you. Something hits you.
You bump into the stone wall.
You closely miss something. Something hits you.
You miss something.
You feel less confused. Something hits you!
* * * LOW HITPOINT WARNING * * *
You hear some strange, mumbled words.
You are confused.
You hear some strange, mumbled words.
Something tries to affect you, but you resist.
You hear some strange, mumbled words.
You are more confused.
You're too confused to move!
A puff of flame appears from out of thin air!
The puff of flame hits you!
* * * LOW HITPOINT WARNING * * *
It was a potion of brilliance.
You feel clever all of a sudden.
Your transformation has ended.
Your +1 dagger of draining unmelds from your body.
Your +0 robe unmelds from your body.
You sense an unholy aura.
It was a potion of curing.
You feel better. Something hits you.
* * * LOW HITPOINT WARNING * * *
There is a stone staircase leading down here.
Something tries to affect you, but you resist.
A magic dart appears from out of thin air!
The magic dart hits you.
You die...

######.## #.#
#.......# #.#
#.####.## #.# #.#
### #.# ## #.#
#.# #. #.# #.# #.
#.# #.####. #.#
#...... #@#
######. #########
#.# ##### ##.
#.......## #.#
#...###..
#.#..#...#### #.#
#........
#..#..#.....###.#
##...###.#
#.............{.#
#.....†..#
#..#.##....#.####
#....#####
#....##.#..#.##
#.#.##
#.)...........#
#...#


There were no monsters in sight!

Vanquished Creatures
  An orc priest (D:3)
  An adder (D:3)
  3 worms
  3 dart slugs
  3 orcs (D:3)
  8 ball pythons
  3 bats
  5 endoplasms
  A giant cockroach (D:1)
  5 goblins
  A hobgoblin (D:3)
  3 frilled lizards
  3 kobolds (D:1)
  5 rats
45 creatures vanquished.

Notes
Turn   | Place    | Note
-------+----------+-------------------------------------------
     0 | D:1      | Maxmaps the Demonspawn Transmuter began the quest for the
                  | Orb.
     0 | D:1      | Reached XP level 1. HP: 15/15 MP: 3/3
    22 | D:1      | Reached skill level 2 in Transmutations
   178 | D:1      | Gained mutation: You are partially covered in large bone
                  | plates. (SH +4) [demonic ancestry]
   178 | D:1      | Reached XP level 2. HP: 20/21 MP: 3/5
   574 | D:1      | Reached skill level 3 in Transmutations
  1004 | D:2      | Gained mutation: You may rarely emit foul miasma when
                  | damaged in melee. [demonic ancestry]
  1004 | D:2      | Reached XP level 3. HP: 26/26 MP: 4/6
  1318 | D:2      | Learned a level 3 spell: Spider Form
  2172 | D:3      | Reached skill level 1 in Poison Magic
  2262 | D:3      | Found a transporter.
  2372 | D:3      | Found a hide-covered altar of Uskayaw.
  2418 | D:3      | Found a shadowy altar of Dithmenos.
  2461 | D:3      | Found a transporter.
  2544 | D:3      | Gained mutation: You sometimes emit foul miasma when
                  | damaged in melee. [demonic ancestry]
  2544 | D:3      | Reached XP level 4. HP: 16/32 MP: 4/7
  2806 | D:3      | Noticed Sigmund
  2833 | D:3      | Killed from afar by Sigmund

Illustrated notes

Levels and vault maps discovered:
D:1:      spicycebolla_arrival_ecumenical, layout_basic
D:2:      layout_basic
D:3:      gammafunk_steamed_eel, layout_loops_ring, mainiacjoe_overflow_swirl,
          hangedman_abyss_or_decor_lesser_grid, uniq_sigmund

Skill      XL: |  1  2  3 |
---------------+----------+-----
Transmutations | 2 3 |  3.2
Poison Magic   | 2 |  2.8
Fighting       | |  1.0
Dodging        | |  1.7
Unarmed Combat | |  2.6
Spellcasting   | |  2.0

Action                     |  1- 3 |  4- 6 || total
---------------------------+-------+-------++-------
  Melee: Unarmed           |    18 |    12 ||    30
         Kick              |    12 |       ||    12
         Headbutt          |     4 |       ||     4
         Dagger            |    70 |     3 ||    73
         Punch             |     2 |       ||     2
   Cast: Beastly Appendage |    19 |       ||    19
         Spider Form       |     1 |     2 ||     3
    Use: Potion            |       |     2 ||     2
   Stab: Sleeping          |     2 |     1 ||     3
 Armour: Robe              |     6 |       ||     6
         Skin              |     2 |     1 ||     3
  Dodge: Dodged            |    42 |     5 ||    47
  Block: Other             |    12 |       ||    12

Table legend: (Time is in decaauts)
 A = Elapsed time spent in this place.
 B = Non-inter-level travel time spent in this place.
 C = Inter-level travel time spent in this place.
 D = Time resting spent in this place.
 E = Time spent auto-exploring this place.
 F = Levels seen in this place.
 G = Mean time per level.
                   A        B        C        D        E       F      G
               +--------+--------+--------+--------+--------+-----+--------+
         Total |   2830 |   2749 |     81 |    216 |   2162 |   3 |  943.3 |
       Dungeon |   2830 |   2749 |     81 |    216 |   2162 |   3 |  943.3 |
               +--------+--------+--------+--------+--------+-----+--------+

Top non-repeatable levels by time:
     D:2: 1270 daAuts
     D:1: 869 daAuts
     D:3: 690 daAuts
